IL
NASHVILLE SOUNDS @ DURHAM BULLS
05/10/2048
 
TOP OF THE 1ST
Nashville Sounds batting - Pitching for Durham Bulls : RHP Luis Cubero
Pitching: RHP Luis Cubero
Batting: RHB Jeff Garofalo 0-0: Foul Ball, location: 2F
0-1: SINGLE (Flyball, 9LM, EV 108.8 MPH)
Batting: SHB Robert Santiago 0-0: Called Strike
0-1: Foul Ball, location: 2F
0-2: Ball
1-2: Ball
2-2: Grounds out, U3 (Groundball, 3L, EV 82.5 MPH)
Batting: RHB Tim Cordle 0-0: Fly out, F8 (Flyball, 8RXD, EV 95.6 MPH)
Runner from 2nd tags up, SAFE at 3rd, no throw by CF
Batting: RHB David Herrera 0-0: Called Strike
0-1: Ball
1-1: Foul Ball, location: 2F
1-2: Ball
2-2: Fly out, F8 (Flyball, 8RM, EV 95.6 MPH)
Top of the 1st over - 0 runs, 1 hit, 0 errors, 1 left on base; Nashville 0 - Durham 0
BOTTOM OF THE 1ST
Durham Bulls batting - Pitching for Nashville Sounds : RHP Danny Nsoah
Pitching: RHP Danny Nsoah
Batting: RHB Jonathan Fraire 0-0: Ball
1-0: Foul Ball, location: 2F
1-1: Foul Ball, location: 2F
1-2: Strikes out looking
Batting: RHB Danny Diaz 0-0: Ball
1-0: Ground out 4-3 (Groundball, 4S, EV 86.2 MPH)
Batting: LHB Davion Lewis 0-0: Called Strike
0-1: Ball
1-1: Swinging Strike
1-2: Ball
2-2: Strikes out swinging
Bottom of the 1st over - 0 runs, 0 hits, 0 errors, 0 left on base; Nashville 0 - Durham 0
TOP OF THE 2ND
Nashville Sounds batting - Pitching for Durham Bulls : RHP Luis Cubero
Batting: LHB Tomas Segarra 0-0: Ball
1-0: Ball
2-0: SINGLE (Line Drive, 4MD, EV 106.9 MPH)
Batting: RHB Wade Diamond 0-0: SINGLE (Groundball, 6S, EV 65.0 MPH) (infield hit)
Tomas Segarra to second
Batting: RHB Robby Godwin 0-0: Fly out, F8 (Flyball, 8RD, EV 97.5 MPH)
Batting: SHB Ryan Chicoine 0-0: Ball
1-0: Called Strike
1-1: Foul Ball, location: 2F
1-2: Foul Ball, location: 2F
1-2: Foul Ball, location: 2F
1-2: SINGLE (Groundball, 4D, EV 95.6 MPH)
Tomas Segarra to third
Wade Diamond to second
Batting: RHB Yonetoshi Muranaka 0-0: Foul Ball, location: 2F
0-1: Called Strike
0-2: Ball
1-2: Ball
2-2: Foul Ball, location: 2F
2-2: DOUBLE (Groundball, 5L, EV 101.9 MPH)
Tomas Segarra scores
Wade Diamond scores
Ryan Chicoine to third
Batting: RHB Jeff Garofalo 0-0: Called Strike
0-1: SINGLE (Groundball, 6MD, EV 103.1 MPH)
Ryan Chicoine scores
Yonetoshi Muranaka to third
Runner from 3rd tries for Home, throw by CF and OUT! 8-2
Jeff Garofalo to second
Batting: SHB Robert Santiago 0-0: Called Strike
0-1: Fly out, F9 (Line Drive, 89S, EV 96.9 MPH)
Top of the 2nd over - 3 runs, 5 hits, 0 errors, 1 left on base; Nashville 3 - Durham 0
BOTTOM OF THE 2ND
Durham Bulls batting - Pitching for Nashville Sounds : RHP Danny Nsoah
Batting: RHB David Ward 0-0: Called Strike
0-1: Fly out, F8 (Flyball, 8RXD, EV 95.6 MPH)
Batting: LHB Jake Rheaume 0-0: Ball
1-0: Called Strike
1-1: Called Strike
1-2: Foul Ball, location: 2F
1-2: Fly out, F9 (Flyball, 89S, EV 95.0 MPH)
Batting: RHB Sesto Carpini 0-0: Ball
1-0: Ball
2-0: Called Strike
2-1: Fly out, F3 (Popup, 3, EV 69.4 MPH)
Bottom of the 2nd over - 0 runs, 0 hits, 0 errors, 0 left on base; Nashville 3 - Durham 0
TOP OF THE 3RD
Nashville Sounds batting - Pitching for Durham Bulls : RHP Luis Cubero
Batting: RHB Tim Cordle 0-0: Foul Ball, location: 2F
0-1: Ball
1-1: Foul Ball, location: 2F
1-2: Foul Ball, location: 2F
1-2: Fly out, F7 (Flyball, 7, EV 89.4 MPH)
Batting: RHB David Herrera 0-0: Called Strike
0-1: Ball
1-1: SINGLE (Groundball, 15S, EV 72.5 MPH) (infield hit)
Batting: LHB Tomas Segarra 0-0: Called Strike
0-1: Fielders Choice at 2nd, 6-4 (Groundball, 6, EV 98.8 MPH)
Batting: RHB Wade Diamond 0-0: Called Strike
0-1: Ball
1-1: Called Strike
1-2: Ball
2-2: Ball
Tomas Segarra steals 2nd base
3-2: Base on Balls
Batting: RHB Robby Godwin 0-0: Called Strike
0-1: Ball
1-1: Fly out, F3 (Popup, 3SF, EV 68.1 MPH)
Top of the 3rd over - 0 runs, 1 hit, 0 errors, 2 left on base; Nashville 3 - Durham 0
BOTTOM OF THE 3RD
Durham Bulls batting - Pitching for Nashville Sounds : RHP Danny Nsoah
Batting: RHB Jose Arriola 0-0: Ball
1-0: Foul Ball, location: 2F
1-1: Ball
2-1: Called Strike
2-2: SINGLE (Line Drive, 8RS, EV 106.9 MPH)
Batting: RHB Kevin Benfield 0-0: Swinging Strike
0-1: Ball
1-1: Foul Ball, location: 2F
1-2: Ball
2-2: Foul Ball, location: 2F
2-2: Ball
3-2: Strikes out swinging
Batting: RHB Freddy Mullen 0-0: Called Strike
0-1: Foul Ball, location: 2F
0-2: Ball
1-2: Ball
2-2: Ball
3-2: Grounds into double play, 4-6-3 (Groundball, 34, EV 87.5 MPH)
Bottom of the 3rd over - 0 runs, 1 hit, 0 errors, 0 left on base; Nashville 3 - Durham 0
TOP OF THE 4TH
Nashville Sounds batting - Pitching for Durham Bulls : RHP Luis Cubero
Batting: SHB Ryan Chicoine 0-0: Called Strike
0-1: Fly out, F8 (Flyball, 8LD, EV 83.8 MPH)
Batting: RHB Yonetoshi Muranaka 0-0: Foul Ball, location: 2F
0-1: Ball
1-1: Foul Ball, location: 2F
1-2: Foul Ball, location: 2F
1-2: Foul Ball, location: 2F
1-2: Ball
2-2: Ground out 5-3 (Groundball, 56S, EV 81.2 MPH)
Batting: RHB Jeff Garofalo 0-0: Ball
1-0: Ball
2-0: Foul Ball, location: 2F
2-1: Foul Ball, location: 2F
2-2: Foul Ball, location: 2F
2-2: Foul Ball, location: 2F
2-2: Foul Ball, location: 2F
2-2: Ball
3-2: SINGLE (Groundball, 6S, EV 68.1 MPH) (infield hit)
Batting: SHB Robert Santiago 0-0: Called Strike
0-1: DOUBLE (Line Drive, 7LM, EV 103.1 MPH)
Jeff Garofalo to third
Jeff Garofalo scores
Batting: RHB Tim Cordle 0-0: Ball
Robert Santiago is caught stealing 3rd base 2-5
Top of the 4th over - 1 run, 2 hits, 0 errors, 0 left on base; Nashville 4 - Durham 0
BOTTOM OF THE 4TH
Durham Bulls batting - Pitching for Nashville Sounds : RHP Danny Nsoah
Batting: RHB Jonathan Fraire 0-0: Ground out 4-3 (Groundball, 4, EV 91.2 MPH)
Batting: RHB Danny Diaz 0-0: Ball
1-0: Called Strike
1-1: Ball
2-1: Ground out 5-3 (Groundball, 56, EV 86.9 MPH)
Batting: LHB Davion Lewis 0-0: Ball
1-0: Ground out U3 (Groundball, 3S, EV 80.0 MPH)
Bottom of the 4th over - 0 runs, 0 hits, 0 errors, 0 left on base; Nashville 4 - Durham 0
TOP OF THE 5TH
Nashville Sounds batting - Pitching for Durham Bulls : RHP Luis Cubero
Batting: RHB Tim Cordle 0-0: Ball
1-0: Called Strike
1-1: Swinging Strike
1-2: Strikes out swinging
Batting: RHB David Herrera 0-0: Fly out, F8 (Line Drive, 8LM, EV 91.2 MPH)
Batting: LHB Tomas Segarra 0-0: Ball
1-0: SINGLE (Groundball, 23, EV 66.9 MPH) (infield hit)
Batting: RHB Wade Diamond 0-0: Called Strike
0-1: Foul Ball, location: 2F
0-2: Ball
1-2: Strikes out swinging
Top of the 5th over - 0 runs, 1 hit, 0 errors, 1 left on base; Nashville 4 - Durham 0
BOTTOM OF THE 5TH
Durham Bulls batting - Pitching for Nashville Sounds : RHP Danny Nsoah
Batting: RHB David Ward 0-0: Called Strike
0-1: Ground out 5-3 (Groundball, 5, EV 86.9 MPH)
Batting: LHB Jake Rheaume 0-0: Called Strike
0-1: DOUBLE (Line Drive, 7LS, EV 106.9 MPH)
Batting: RHB Sesto Carpini 0-0: Ball
1-0: Ball
2-0: Ball
3-0: Base on Balls
Batting: RHB Jose Arriola 0-0: SINGLE (Groundball, 4M, EV 87.5 MPH) (infield hit)
Jake Rheaume to third
Sesto Carpini to second
Batting: RHB Kevin Benfield 0-0: Foul Ball, location: 2F
0-1: Foul Ball, location: 2F
0-2: Foul Ball, location: 2F
0-2: Foul Ball, location: 2F
0-2: Ball
1-2: Foul Ball, location: 2F
1-2: Ball
2-2: Foul Ball, location: 2F
2-2: Foul Ball, location: 2F
2-2: Foul Ball, location: 2F
2-2: Grounds into double play, 5-4-3 (Groundball, 56, EV 86.9 MPH)
Bottom of the 5th over - 0 runs, 2 hits, 0 errors, 2 left on base; Nashville 4 - Durham 0
TOP OF THE 6TH
Nashville Sounds batting - Pitching for Durham Bulls : RHP Luis Cubero
Batting: RHB Robby Godwin 0-0: Ball
1-0: Called Strike
1-1: Ball
2-1: Swinging Strike
2-2: Strikes out swinging, 2-3 out at first.
Batting: SHB Ryan Chicoine 0-0: Called Strike
0-1: Ground out 5-3 (Groundball, 56, EV 78.8 MPH)
Batting: RHB Yonetoshi Muranaka 0-0: Ground out 5-3 (Groundball, 56S, EV 86.2 MPH)
Top of the 6th over - 0 runs, 0 hits, 0 errors, 0 left on base; Nashville 4 - Durham 0
BOTTOM OF THE 6TH
Durham Bulls batting - Pitching for Nashville Sounds : RHP Danny Nsoah
Batting: RHB Freddy Mullen 0-0: Swinging Strike
0-1: Foul Ball, location: 2F
0-2: Hit by Pitch
Batting: RHB Jonathan Fraire 0-0: Ball
1-0: Ball
2-0: Called Strike
2-1: Fielders Choice at 2nd, 4-6 (Groundball, 4, EV 89.4 MPH)
Batting: RHB Danny Diaz 0-0: Called Strike
Jonathan Fraire steals 2nd base
0-1: Ball
1-1: Foul Ball, location: 2F
1-2: Ball
2-2: SINGLE (Groundball, 6MD, EV 109.4 MPH)
Jonathan Fraire to third
Batting: LHB Davion Lewis 0-0: Swinging Strike
0-1: Fly out, F8 (Flyball, 8RS, EV 91.9 MPH)
Batting: RHB David Ward 0-0: Called Strike
0-1: Called Strike
0-2: Ball
1-2: Ball
2-2: Ball
3-2: Ground out 6-3 (Groundball, 6, EV 105.6 MPH)
Bottom of the 6th over - 0 runs, 1 hit, 0 errors, 2 left on base; Nashville 4 - Durham 0
TOP OF THE 7TH
Nashville Sounds batting - Pitching for Durham Bulls : RHP Luis Cubero
Batting: RHB Jeff Garofalo 0-0: Ball
1-0: Fly out, F8 (Flyball, 8LD, EV 93.8 MPH)
Batting: SHB Robert Santiago 0-0: Ball
1-0: Called Strike
1-1: SINGLE (Groundball, 6M, EV 106.9 MPH)
Batting: RHB Tim Cordle 0-0: Ball
1-0: Fly out, F7 (Flyball, 7D, EV 99.4 MPH)
Batting: RHB David Herrera 0-0: SINGLE (Groundball, 25, EV 67.5 MPH) (infield hit)
Robert Santiago to second
Pitching: LHP Parker Martinet
Batting: LHB Tomas Segarra 0-0: Called Strike
0-1: Swinging Strike
0-2: Strikes out swinging
Top of the 7th over - 0 runs, 2 hits, 0 errors, 2 left on base; Nashville 4 - Durham 0
BOTTOM OF THE 7TH
Durham Bulls batting - Pitching for Nashville Sounds : RHP Danny Nsoah
Batting: LHB Jake Rheaume 0-0: Called Strike
0-1: Ball
1-1: Ball
2-1: Swinging Strike
2-2: Strikes out looking
Batting: RHB Sesto Carpini 0-0: Called Strike
0-1: Ball
1-1: Swinging Strike
1-2: Foul Ball, location: 2F
1-2: Strikes out swinging
Batting: RHB Jose Arriola 0-0: SINGLE (Groundball, 3D, EV 103.1 MPH)
Batting: RHB Kevin Benfield 0-0: Ball
1-0: Called Strike
1-1: Ground out 4-3 (Groundball, 4S, EV 80.0 MPH)
Bottom of the 7th over - 0 runs, 1 hit, 0 errors, 1 left on base; Nashville 4 - Durham 0
TOP OF THE 8TH
Nashville Sounds batting - Pitching for Durham Bulls : LHP Parker Martinet
Batting: RHB Wade Diamond 0-0: Ball
1-0: Swinging Strike
1-1: Ball
2-1: Called Strike
2-2: Foul Ball, location: 2F
2-2: Ball
3-2: Base on Balls
Batting: RHB Robby Godwin 0-0: Ball
Wade Diamond is caught stealing 2nd base 2-4
1-0: Swinging Strike
1-1: Ground out 5-3 (Groundball, 5S, EV 87.5 MPH)
Batting: SHB Ryan Chicoine 0-0: Called Strike
0-1: Called Strike
0-2: SINGLE (Groundball, 56D, EV 110.6 MPH)
Batting: RHB Yonetoshi Muranaka 0-0: Ball
1-0: Ball
2-0: Ball
3-0: Fly out, F7 (Line Drive, 7D, EV 96.9 MPH)
Top of the 8th over - 0 runs, 1 hit, 0 errors, 1 left on base; Nashville 4 - Durham 0
BOTTOM OF THE 8TH
Durham Bulls batting - Pitching for Nashville Sounds : RHP Danny Nsoah
Pitching: RHP Kevin Endsley
Batting: RHB Freddy Mullen 0-0: Ball
1-0: Ball
2-0: SINGLE (Line Drive, 3D, EV 100.6 MPH)
Batting: RHB Jonathan Fraire 0-0: Grounds into double play, 6-4-3 (Groundball, 6M, EV 77.5 MPH)
Batting: RHB Danny Diaz 0-0: Called Strike
0-1: Ball
1-1: Foul Ball, location: 2F
1-2: Ball
2-2: Foul Ball, location: 2F
2-2: Foul Ball, location: 2F
2-2: Foul Ball, location: 2F
2-2: DOUBLE (Flyball, 8LXD, EV 105.0 MPH)
Batting: LHB Davion Lewis 0-0: Called Strike
0-1: Foul Ball, location: 2F
0-2: Ball
1-2: Foul Ball, location: 2F
1-2: Ball
Passed Ball!
Danny Diaz to third
2-2: Ground out 6-3 (Groundball, 6, EV 88.8 MPH)
Bottom of the 8th over - 0 runs, 2 hits, 0 errors, 1 left on base; Nashville 4 - Durham 0
TOP OF THE 9TH
Nashville Sounds batting - Pitching for Durham Bulls : LHP Parker Martinet
Pitching: RHP Cody Wilharm
Batting: RHB Jeff Garofalo 0-0: Ball
1-0: Swinging Strike
1-1: Ball
2-1: Ball
3-1: Base on Balls
Batting: SHB Robert Santiago 0-0: Ball
1-0: Called Strike
1-1: Ball
2-1: Ball
3-1: Foul Ball, location: 2F
3-2: Strikes out swinging
Batting: RHB Tim Cordle 0-0: Called Strike
0-1: Fielders Choice at 2nd, 6-4 (Groundball, 6M, EV 88.1 MPH)
Batting: RHB David Herrera 0-0: Called Strike
0-1: Ball
1-1: Ball
2-1: Fly out, F8 (Flyball, 8LM, EV 86.9 MPH)
Top of the 9th over - 0 runs, 0 hits, 0 errors, 1 left on base; Nashville 4 - Durham 0
BOTTOM OF THE 9TH
Durham Bulls batting - Pitching for Nashville Sounds : RHP Kevin Endsley
Pitching: RHP Mike Staus
Batting: RHB David Ward 0-0: Ball
1-0: Foul Ball, location: 2F
1-1: Ball
2-1: Foul Ball, location: 2F
2-2: Strikes out looking
Batting: LHB Jake Rheaume 0-0: Called Strike
0-1: Foul Ball, location: 2F
0-2: Ground out 4-3 (Groundball, 4, EV 87.5 MPH)
Batting: RHB Sesto Carpini 0-0: Called Strike
0-1: Called Strike
0-2: Ball
1-2: Ground out 6-3 (Groundball, 6, EV 101.9 MPH)
Bottom of the 9th over - 0 runs, 0 hits, 0 errors, 0 left on base; Nashville 4 - Durham 0
Tuesday, March 28th , 2023 - OOTP Baseball 23.10 Build 110